 Dungeon Crawl Stone Soup version 0.24.0-13-gcf9b319 (webtiles) character file.

Game seed: 5988970886926485519, levelgen mode: deterministic

462 Fang the Shield-Bearer (level 7, -4/44 HPs)
             Began as a Gargoyle Fighter on Dec 17, 2019.
             Slain by Menkaure (9 damage)
             ... on level 4 of the Dungeon.
             The game lasted 00:04:37 (2340 turns).

Fang the Shield-Bearer (Gargoyle Fighter)           Turns: 2340, Time: 00:04:38

Health: -4/44      AC: 17    Str: 26    XL:     7   Next: 7%
Magic:  7/7        EV:  5    Int:  9    God:
Gold:   143        SH: 10    Dex:  9    Spells: 6/6 levels left

rFire    . . .     SeeInvis .   a - +3 war axe
rCold    . . .     Gourm    .   B - +0 shield
rNeg     + . .     Faith    .   b - +0 plate armour
rPois    ∞         Spirit   .   (no helmet)
rElec    +         Reflect  .   (no cloak)
rCorr    .         Harm     .   (no gloves)
MR       .....                  (no boots)
Stlth    ..........             (no amulet)
HPRegen  0.14/turn              (no ring)
MPRegen  0.10/turn              (no ring)

@: mighty
A: negative energy resistance 1, electricity resistance, unbreathing,
petrification resistance, rot immunity, AC +4
a: no special abilities


You were on level 4 of the Dungeon.
You were not hungry.

You visited 1 branch of the dungeon, and saw 4 of its levels.

You collected 143 gold pieces.

Inventory:

Hand Weapons
 a - a +3 war axe (weapon)
Armour
 b - a +0 plate armour (worn)
 B - a +0 shield (worn)
Wands
 p - a wand of flame (21)
Scrolls
 e - a scroll of fear
 f - a scroll of teleportation
 h - a scroll of amnesia {unknown}
 i - 2 scrolls of magic mapping {unknown}
 m - a scroll of identify
 n - a scroll of enchant armour {unknown}
 o - a scroll of fog {unknown}
Potions
 d - a potion of might
 j - 2 potions of curing
 k - 3 potions of heal wounds {unknown}
 l - a potion of agility
Comestibles
 c - 9 rations
 g - 5 chunks of flesh


   Skills:
 + Level 5.0 Fighting
 + Level 3.6 Axes
 + Level 5.1 Armour
 + Level 5.1 Shields


You had 6 spell levels left.
You didn't know any spells.
Your spell library was empty.

Dungeon Overview and Level Annotations

Branches:
Dungeon (4/15)
 Temple: D:4-7

Altars:
Kikubaaqudgha
Vehumet
Xom

Shops:
D:4 :[

Annotations:
D:4 Menkaure


Innate Abilities, Weirdness & Mutations

You are resistant to torment.
Your stone body is resilient. (AC +4)
You are immune to poison.
You resist negative energy. (rN+)
You are resistant to electric shocks. (rElec)
You can survive without breathing.
You are immune to petrification.
You are immune to rotting.


Message History

* * * LOW HITPOINT WARNING * * *
You slash Menkaure!
Menkaure is severely damaged.
Menkaure mumbles some strange words.
Menkaure seems to speed up.
You feel better. You block Menkaure's attack.
You feel very mighty all of a sudden. Menkaure casts a spell at you.
Pain shoots through your body!
* * * LOW HITPOINT WARNING * * *
You barely miss Menkaure.
Menkaure is severely damaged.
Menkaure points at you and mumbles some strange words.
Pain shoots through your body!
* * * LOW HITPOINT WARNING * * *
You block Menkaure's attack.
You hit Menkaure.
Menkaure is severely damaged.
Menkaure hits you!
You die...

.............................#...
##......##..#######.#............
##......##..##......#..#...#._.#.
........###.##......#..#.........
###..[.......#######.......÷.#...
.............#≈≈≈≈≈#.............
.#.#.#.......#≈8.8≈###...........
#.#.#.......#≈.M.≈# #...........
#.#.#.......#≈8@8≈# #.#....##.#.
#.#.#.#.#.###≈≈.≈≈# #...........
..#.#.#.#.# ###'#####........<..
#####.#.#.# #.#.......#########.
#.#.#.###...#####.#######...
##.#.........................
#..).........#####.#######.#.
#............## #.#.
.................# ######.#.


You could see Menkaure.

Vanquished Creatures
  Blork the orc (D:4)
  4 crimson imps (D:3)
  Jessica (D:3)
  2 orc wizards (D:4)
  2 worker ants (D:4)
  3 adders
  4 oozes
  4 worms
  2 dart slugs
  A leopard gecko (D:1)
  3 orcs
  7 bats
  6 giant cockroaches
  8 goblins
  9 hobgoblins
  6 jackals
  10 kobolds
  2 quokkas (D:2)
  A ball python (D:3)
  3 frilled lizards
  9 rats
88 creatures vanquished.

Notes
Turn   | Place    | Note
-------+----------+-------------------------------------------
     0 | D:1      | Fang the Gargoyle Fighter began the quest for the Orb.
     0 | D:1      | Reached XP level 1. HP: 14/14 MP: 1/1
    49 | D:1      | Reached XP level 2. HP: 19/19 MP: 2/2
   238 | D:1      | You fall into a shaft and drop 1 floor!
   247 | D:2      | Reached XP level 3. HP: 23/23 MP: 3/3
   500 | D:2      | Reached XP level 4. HP: 20/29 MP: 4/4
  1198 | D:3      | Reached XP level 5. HP: 33/33 MP: 5/5
  1252 | D:3      | Noticed Jessica
  1257 | D:3      | Killed Jessica
  1340 | D:3      | Found an ancient bone altar of Kikubaaqudgha.
  1544 | D:3      | Found a shimmering altar of Xom.
  1566 | D:3      | Reached XP level 6. HP: 39/39 MP: 6/6
  1846 | D:4      | Found Yfikupuo's Book Shoppe.
  2250 | D:4      | Found a radiant altar of Vehumet.
  2256 | D:4      | Reached skill level 5 in Armour
  2295 | D:4      | Noticed Blork the orc
  2306 | D:4      | Killed Blork the orc
  2306 | D:4      | Reached skill level 5 in Fighting
  2306 | D:4      | Reached skill level 5 in Shields
  2306 | D:4      | Reached XP level 7. HP: 30/44 MP: 7/7
  2330 | D:4      | Found Zexa Woi's Armour Shop.
  2330 | D:4      | Noticed Menkaure
  2335 | D:4      | HP: 1/44 [Menkaure (9)]
  2340 | D:4      | Slain by Menkaure

Levels and vault maps discovered:
D:1:      minmay_arrival_diagonal_passages, layout_basic, minmay_ruptured
D:2:      layout_rooms
D:3:      layout_basic, kiku_gazebo_garden_becter,
          chequers_serial_rivers_micro_c, led_xom_imps, uniq_jessica
D:4:      layout_basic, nicolae_overflow_crystal_walls, vehumet_altar_wand_db,
          portal_sewer_entry_b, serial_shops, kennysheep_little_box,
          nicolae_shop_competitors_out_of_business, shop, first_ration,
          uniq_blork_the_orc, uniq_menkaure

Skill      XL: |  1  2  3  4  5  6 |
---------------+-------------------+-----
Axes           | 2 3 |  3.6
Shields        | 4 5 |  5.1
Armour         | 4 5 |  5.1
Fighting       | 4 5 |  5.0

Action                   |  1- 3 |  4- 6 |  7- 9 || total
-------------------------+-------+-------+-------++-------
Melee: War axe           |   101 |   199 |     6 ||   306
  Use: Scroll            |       |    11 |       ||    11
       Potion            |       |       |     2 ||     2
 Stab: Distracted        |       |     1 |       ||     1
  Eat: Chunk             |       |     5 |       ||     5
Armor: Scale mail        |    68 |    59 |       ||   127
       Plate armour      |       |    65 |       ||    65
Dodge: Dodged            |    39 |    59 |       ||    98
Block: Shield            |    63 |   112 |     2 ||   177
